 Dungeon Crawl Stone Soup version 0.17.0-24-gcfadda4 (webtiles) character file.

542 dorian the Ruffian (level 7, -9/70 HPs)
             Began as a Troll Monk on Nov 17, 2015.
             Mangled by dorian's ghost (16 damage)
             ... on level 4 of the Dungeon.
             The game lasted 00:05:57 (3077 turns).

dorian the Ruffian (Troll Monk)                     Turns: 3077, Time: 00:05:57

Health: -9/70      AC:  8    Str: 20    XL:     7   Next: 6%
Magic:  6/6        EV: 11    Int:  6    God:
Gold:   296        SH:  0    Dex: 14    Spells: 0 memorised, 6 levels left

rFire  . . .     SeeInvis .       - Unarmed
rCold  . . .     Clarity  .     a - +0 robe
rNeg   . . .     SustAt   .     (no shield)
rPois  .         Gourm    +     v - +2 hat
rElec  .         Spirit   .     q - +0 cloak
rCorr  .         Warding  .     (gloves unavailable)
rMut   .         Stasis   .     (boots unavailable)
MR     .....                    (no amulet)
Stlth  ++........               (no ring)
                                (no ring)

@: not resistant to hostile enchantments, unstealthy
A: unfitting armour, claws 3, fast metabolism 3, gourmand, regeneration 2,
shaggy fur 1, tough skin 2
a: no special abilities


You were on level 4 of the Dungeon.
You were very full.

You visited 2 branches of the dungeon, and saw 5 of its levels.

You collected 296 gold pieces.

Inventory:

Armour
 a - a +0 robe (worn)
 q - a +0 cloak (worn)
 v - a +2 hat (worn)
Jewellery
 o - an uncursed ring of fire
 t - an uncursed amulet of inaccuracy
Scrolls
 c - 2 scrolls of remove curse
 d - a scroll of amnesia {unknown}
 e - 3 scrolls of fog {unknown}
 f - 4 scrolls of identify
 g - a scroll of enchant armour {unknown}
 k - 2 scrolls of recharging {unknown}
 p - 2 scrolls of teleportation {unknown}
 x - a scroll of enchant weapon {unknown}
 y - a scroll of noise {unknown}
Potions
 h - 2 potions of brilliance
 j - a potion of ambrosia {unknown}
 l - a potion of might {unknown}
 m - a potion of haste {unknown}
 n - 2 potions of curing
 s - a potion of degeneration {unknown}
 u - a potion of agility {unknown}
Books
 r - a book of Debilitation

   Spells                             Type                      Level
   a - Corona                         Hexes                        1
   b - Slow                           Hexes                        2
   c - Gell's Gravitas                Hexes/Translocation          3
   d - Inner Flame                    Hexes/Fire                   3
   e - Cause Fear                     Hexes                        4
   f - Leda's Liquefaction            Hexes/Earth                  4
 z - a book of Necromancy

   Spells                             Type                      Level
   a - Pain                           Necromancy                   1
   b - Animate Skeleton               Necromancy                   1
   c - Vampiric Draining              Necromancy                   3
   d - Regeneration                   Charms/Necromancy            3
   e - Animate Dead                   Necromancy                   4
   f - Control Undead                 Necromancy                   4
Comestibles
 b - 7 bread rations
 i - a meat ration
 w - a beef jerky


   Skills:
 + Level 4.0 Fighting
 + Level 3.7 Dodging
 - Level 1.1 Stealth
 * Level 6.6 Unarmed Combat


You had 6 spell levels left.
You didn't know any spells.

Dungeon Overview and Level Annotations

Branches:
Dungeon (4/15)             Temple (1/1) D:4

Altars:
Ashenzari
Cheibriados
Dithmenos
Elyvilon
Fedhas
Gozag
Kikubaaqudgha
Makhleb
Nemelex Xobeh
Qazlal
Sif Muna
Vehumet
Xom

Annotations:
D:4 dorian's ghost, novice TrMo


Innate Abilities, Weirdness & Mutations

You are too large for most types of armour.
You have claws for hands.
Your metabolism is lightning-fast.
You like to eat raw meat.
You heal very quickly.
You are covered in fur (AC +1).
You have very tough skin (AC +2).


Message History

Dorian's ghost misses you.
You scratch dorian's ghost.
Dorian's ghost is severely damaged.
You claw dorian's ghost!
Dorian's ghost is almost destroyed.
Dorian's ghost hits you!
* * * LOW HITPOINT WARNING * * *
You are too injured to fight recklessly!
You are too injured to fight recklessly!
You scratch dorian's ghost but do no damage.
Dorian's ghost is almost destroyed.
Dorian's ghost hits you!
* * * LOW HITPOINT WARNING * * *
You scratch dorian's ghost.
Dorian's ghost is almost destroyed.
Dorian's ghost closely misses you.
You barely miss dorian's ghost.
Dorian's ghost is almost destroyed.
Dorian's ghost hits you!
You die...

##.......#.#....#...........[...
.##..........##....##............
...............................##
.....##..........................
.....##...........(..............
.##......[)........##...#.####...
.##.......)......(.##............
................(..#..........[..
.....##........(@..#.........)...
.....######.#.(#W###.............
.... #........(#.# #..........[..
...###.........#.# #.......#.....
...............#.# #.............
##.............#.###......#.#....
##............#...........#.#..##
....................#.....#.#....
..............#.....#.....#......


You could see dorian's ghost.

Vanquished Creatures
  A centaur (D:4)
  A scorpion (D:4)
  4 orc wizards
  An orc priest (D:4)
  Crazy Yiuf (D:2)
  Jessica (D:3)
  Terence (D:2)
  An iguana (D:4)
  3 adders (D:2)
  4 gnolls (D:3)
  A worm (D:3)
  4 giant geckos (D:2)
  10 orcs
  2 ball pythons
  6 bats
  10 hobgoblins
  2 jackals (D:1)
  6 giant cockroaches
  5 giant newts
  7 goblins
  8 kobolds
  3 quokkas
  5 rats
87 creatures vanquished.

Notes
Turn   | Place    | Note
--------------------------------------------------------------
     0 | D:1      | dorian the Troll Monk began the quest for the Orb.
     0 | D:1      | Reached XP level 1. HP: 22/22 MP: 0/0
   176 | D:1      | Reached XP level 2. HP: 29/29 MP: 1/1
   698 | D:2      | Reached XP level 3. HP: 12/36 MP: 2/2
   999 | D:2      | Noticed Terence
  1007 | D:2      | Killed Terence
  1007 | D:2      | Reached skill level 5 in Unarmed Combat
  1007 | D:2      | Reached XP level 4. HP: 32/45 MP: 3/3
  1310 | D:2      | Noticed Crazy Yiuf
  1322 | D:2      | HP: 2/45 [Crazy Yiuf/quarterstaff of chaos (1)]
  1323 | D:2      | Killed Crazy Yiuf
  1327 | D:2      | HP: 2/45 [poisoned by Crazy Yiuf]
  1333 | D:2      | HP: 2/45 [poisoned by Crazy Yiuf]
  1664 | D:3      | Reached XP level 5. HP: 53/53 MP: 4/4
  1983 | D:3      | Found a sparkling altar of Nemelex Xobeh.
  2171 | D:3      | Noticed Jessica
  2177 | D:3      | Killed Jessica
  2227 | D:3      | Reached XP level 6. HP: 61/61 MP: 5/5
  2522 | D:4      | Reached skill level 6 in Unarmed Combat
  2677 | D:4      | Reached XP level 7. HP: 67/70 MP: 6/6
  2701 | D:4      | Found a staircase to the Ecumenical Temple.
  2710 | Temple   | Entered the Ecumenical Temple
  2936 | D:4      | Noticed dorian's ghost (novice TrMo)
  3077 | D:4      | Mangled by dorian's ghost

Action                   |  1- 3 |  4- 6 |  7- 9 || total
-------------------------+-------+-------+-------++-------
Melee: Unarmed           |    94 |   132 |    25 ||   251
  Use: Scroll            |       |     3 |       ||     3
 Stab: Sleeping          |     3 |     4 |       ||     7
  Eat: Chunk             |    15 |    15 |     2 ||    32
